 Dungeon Crawl Stone Soup version 0.15-a0-1403-g2cecdf4 (webtiles) character file.

62 Arvee the Skirmisher (level 4, -6/50 HPs)
             Began as an Ogre Fighter on June 11, 2014.
             Killed from afar by Argons' ghost (8 damage)
             ... with a puff of flame
             ... on Level 3 of the Dungeon.
             The game lasted 00:02:26 (1014 turns).

Arvee the Skirmisher (Ogre Fighter)                 Turns: 1014, Time: 00:02:27

HP  -6/50        AC  3     Str 22      XL: 4   Next:  8%
MP   4/4         EV  8     Int  7      God:
Gold 70          SH  8     Dex  9      Spells:  0 memorised,  3 levels left

rFire  . . .     SeeInvis .     g - +1,+2 whip (flame)
rCold  . . .     Clarity  .     b - +0 robe
rNeg   . . .     rCorr    .     c - +0 shield
rPois  .         rRot     .     (helmet restricted)
rElec  .         Spirit   .     (no cloak)
SustAb .         Warding  .     (gloves unavailable)
rMut   .         Stasis   .     (boots unavailable)
Gourm  .                        (no amulet)
MR     .....                    (no ring)
                                (no ring)

@: not resistant to hostile enchantments, very unstealthy
A: unfitting armour, tough skin 1
a: no special abilities


You were on level 3 of the Dungeon.
You were hungry.

You visited 1 branch of the dungeon, and saw 3 of its levels.

You collected 70 gold pieces.

Inventory:

Hand weapons
 a - a +0,+0 flail
 g - a +1,+2 whip of flaming (weapon)
Armour
 b - a +0 robe (worn)
 c - a +0 shield (worn)
Comestibles
 d - a meat ration
 j - a bread ration
 p - a rotting chunk of giant gecko flesh
Scrolls
 e - a scroll of enchant weapon II {unknown}
 f - 2 scrolls of enchant armour {unknown}
 h - a scroll of enchant weapon I {unknown}
 i - a scroll of remove curse {unknown}
 k - 2 scrolls of recharging {unknown}
 l - a scroll of identify {unknown}
 m - 2 scrolls of fear {unknown}
Potions
 n - 2 potions of curing
 o - a potion of invisibility
 q - a potion of restore abilities {unknown}
 r - a potion of haste {unknown}


   Skills:
 + Level 5.2 Fighting
 + Level 4.5 Maces & Flails
 - Level 2.6 Dodging
 - Level 2.6 Shields


You had 3 spell levels left.
You didn't know any spells.

Dungeon Overview and Level Annotations

Branches:
Dungeon (3/15)

Altars:
Dithmenos

Annotations:
D:3 Argons' ghost, average DgFE


Innate Abilities, Weirdness & Mutations

You are too large for most types of armour.
You have tough skin (AC +1).


Message History

You are too injured to fight recklessly!
You are too injured to fight recklessly!
You are too injured to fight recklessly!
You are too injured to fight recklessly!
You are too injured to fight recklessly!
You hit Argons' ghost. You burn Argons' ghost.
Argons' ghost is heavily damaged.
Argons' ghost hits you.
* * * LOW HITPOINT WARNING * * *
You hit Argons' ghost but do no damage.
Argons' ghost is heavily damaged.
You block Argons' ghost's attack. Argons' ghost hits you.
* * * LOW HITPOINT WARNING * * *
You barely miss Argons' ghost.
Argons' ghost is heavily damaged.
You hit Argons' ghost. You burn Argons' ghost.
Argons' ghost is severely damaged.
Argons' ghost gestures at you while chanting.
The puff of flame hits you!
You die...

. . #.. ...#
##.. ...
#...##..#
#.......#
#.......##
#........#
###......#.+####
#...#.)@W.......
#...#...#....###
#.....(## .#.#
###..(.# #
#.(..# ####.####
#....# #....#
#....#


You could see Argons' ghost.

Vanquished Creatures
  Terence (D:2)
  An adder (D:2)
  4 giant geckos
  An orc (D:3)
  5 hobgoblins
  3 jackals (D:2)
  4 kobolds
  A quokka (D:2)
  3 bats (D:2)
  A giant cockroach (D:2)
  3 giant newts
  4 goblins
  3 rats
34 creatures vanquished.

Notes
Turn   | Place    | Note
--------------------------------------------------------------
     0 | D:1      | Arvee, the Ogre Fighter, began the quest for the Orb.
     0 | D:1      | Reached XP level 1. HP: 24/24 MP: 1/1
   155 | D:1      | Reached XP level 2. HP: 27/33 MP: 2/2
   489 | D:2      | Found a shadowy altar of Dithmenos.
   541 | D:2      | Reached XP level 3. HP: 31/41 MP: 3/3
   627 | D:2      | Reached skill level 5 in Fighting
   631 | D:2      | Noticed Terence
   653 | D:2      | Killed Terence
   858 | D:2      | Reached XP level 4. HP: 48/50 MP: 4/4
   993 | D:3      | Noticed Argons' ghost (average DgFE)
  1012 | D:3      | HP: 2/50 [Argons' ghost (4)]
  1014 | D:3      | Killed from afar by Argons' ghost

Action                   |  1- 3 |  4- 6 || total
-------------------------+-------+-------++-------
Melee: Flail             |    13 |       ||    13
       Whip              |    76 |    30 ||   106
  Use: Potion            |     5 |       ||     5
